 Dungeon Crawl Stone Soup version 0.28.0 (webtiles) character file.

Game seed: 16568170634420487115

56 Dirian the Shield-Bearer (level 3, -4/33 HPs)
             Began as a Minotaur Fighter on Feb 9, 2022.
             Slain by a gnoll (5 damage)
             ... on level 2 of the Dungeon.
             The game lasted 00:01:08 (574 turns).

Dirian the Shield-Bearer (Minotaur Fighter)          Turns: 574, Time: 00:01:09

Health: -4/33      AC:  7    Str: 20    XL:     3   Next: 69%
Magic:  2/2        EV:  9    Int:  5    God:
Gold:   53         SH:  4    Dex: 11    Spells: 2/2 levels left

rFire   . . .      SeeInvis .   a - +0 long sword
rCold   . . .      Faith    .   c - +0 buckler
rNeg    . . .      Spirit   .   b - +0 scale mail
rPois   .          Reflect  .   (helmet restricted)
rElec   .          Harm     .   (no cloak)
rCorr   .          Rampage  .   (no gloves)
Will    .....                   (no boots)
Stlth   ..........              (no amulet)
HPRegen 0.11/turn               (no ring)
MPRegen 0.08/turn               (no ring)

@: no status effects
A: horns 2, retaliatory headbutt
a: no special abilities


You were on level 2 of the Dungeon.
You visited 1 branch of the dungeon, and saw 2 of its levels.

You collected 53 gold pieces.

Inventory:

Hand Weapons
 a - a +0 long sword (weapon)
Missiles
 f - a throwing net (quivered)
Armour
 b - a +0 scale mail (worn)
 c - a +0 buckler (worn)
 i - a +0 chain mail
Jewellery
 g - a ring of poison resistance
Scrolls
 e - 2 scrolls of identify {unknown}
 h - a scroll of enchant armour {unknown}
Potions
 d - a potion of might


   Skills:
 + Level 4.1 Fighting
 + Level 3.1 Long Blades
 + Level 4.1 Armour
 + Level 1.3 Dodging
 + Level 4.1 Shields


You had 2 spell levels left.
You didn't know any spells.
Your spell library was empty.

Dungeon Overview and Level Annotations

Branches:
Dungeon (2/15)

Altars:


Innate Abilities, Weirdness & Mutations

You have a pair of horns on your head.
You reflexively headbutt those who attack you in melee.


Message History

The gnoll hits you with a +0 flail.
You hit the gnoll.
The gnoll is heavily wounded.
You block the gnoll's attack. The gnoll barely misses you.
You barely miss the gnoll.
The gnoll is heavily wounded.
The gnoll hits you with a +0 flail!
* * * LOW HITPOINT WARNING * * *
You slash the gnoll!
You kill the gnoll!
Your Long Blades skill increases to level 3!
You slash the kobold!
You kill the kobold!
You slash the gnoll!
The gnoll is severely wounded.
The gnoll hits you with a +0 whip.
* * * LOW HITPOINT WARNING * * *
You barely miss the gnoll.
The gnoll is severely wounded.
You block the gnoll's attack. The gnoll closely misses you.
You hit the gnoll.
You kill the gnoll!
The bat hits you but does no damage. The bat hits you but does no damage.
The gnoll hits you but does no damage.
Items here: ( ))) ††.
You closely miss the bat. The bat hits you but does no damage.
The gnoll hits you from afar with a +0 spear.
* * * LOW HITPOINT WARNING * * *
The bat misses you. The gnoll hits you but does no damage.
You closely miss the bat. You block the bat's attack.
The bat hits you but does no damage. The gnoll completely misses you.
The bat closely misses you.
You closely miss the bat. You headbutt the bat.
You kill the bat!
The gnoll hits you but does no damage. The gnoll hits you but does no damage.
You slash the gnoll! Your headbutt misses the gnoll.
The gnoll is severely wounded.
The gnoll hits you but does no damage. The gnoll hits you with a +0 spear.
You die...

........#..........#
#.......#..........#
#.......#..........#
#.......#..........#
#.#######..........#
#. #####..........#
#........#.#####
#........#.#######.#
#.......?..g@).....#
#........#.######..#
#............. #
#........b.###
#..............#
..........!.##.#
#..........^...#
...........#.###
.............#


You could see a gnoll.

Vanquished Creatures
  An adder (D:2)
  2 gnolls (D:2)
  2 dart slugs (D:1)
  2 giant cockroaches (D:1)
  2 goblins
  2 hobgoblins (D:1)
  A jackal (D:2)
  5 ball pythons
  4 bats
  4 kobolds
25 creatures vanquished.

Notes
Turn   | Place    | Note
-------+----------+-------------------------------------------
     0 | D:1      | Dirian the Minotaur Fighter began the quest for the Orb.
     0 | D:1      | Reached XP level 1. HP: 19/19 MP: 0/0
    51 | D:1      | Reached XP level 2. HP: 27/27 MP: 1/1
   528 | D:2      | Reached skill level 1 in Dodging
   557 | D:2      | Reached XP level 3. HP: 19/33 MP: 2/2
   570 | D:2      | HP: 1/33 [gnoll (5)]
   574 | D:2      | Slain by a gnoll

Illustrated notes

Levels and vault maps discovered:
D:1:      lightli_arrival_statuegarden, layout_rooms, minmay_misc_feat_rows
D:2:      layout_basic, uniq_crazy_yiuf_cottage

Skill      XL: |  1  2  3 |
---------------+----------+-----
Dodging        | 1 |  1.3
Fighting       | 4 |  4.1
Armour         | 4 |  4.1
Shields        | 4 |  4.1
Long Blades    | 3 |  3.1

Action                   || total
-------------------------++-------
Melee: Long sword        ||    54
       Headbutt          ||     6
Armor: Scale mail        ||    31
Dodge: Dodged            ||    31
Block: Buckler           ||    18
